 Dungeon Crawl Stone Soup version 0.23.2-1-ga50397a6bc (webtiles) character file.

Game seed: 4913619652096702307

765 karvendizarm the Ruffian (level 7, 0/67 HPs)
             Began as a Troll Monk on Apr 21, 2019.
             Slain by a gnoll
             ... wielding a +0 spear
              (3 damage)
             ... on level 5 of the Dungeon.
             The game lasted 00:23:17 (3855 turns).

karvendizarm the Ruffian (Troll Monk)               Turns: 3855, Time: 00:23:18

Health: 0/67       AC:  6    Str: 22    XL:     7   Next: 52%
Magic:  6/6        EV: 11    Int:  6    God:
Gold:   175        SH:  0    Dex: 12    Spells: 6/6 levels left

rFire    . . .     SeeInvis .     - Unarmed
rCold    . . .     Gourm    +   (no shield)
rNeg     . . .     Faith    .   a - +0 robe
rPois    .         Spirit   .   (helmet restricted)
rElec    .         Reflect  .   (no cloak)
rCorr    .         Harm     .   (gloves unavailable)
MR       .....                  (boots unavailable)
Stlth    ++........             (no amulet)
HPRegen  0.61/turn              (no ring)
MPRegen  0.10/turn              (no ring)

@: lethally poisoned (0 -> -8)
A: large, unfitting armour, claws 3, fast metabolism 3, gourmand, regeneration
1, shaggy fur 1, tough skin 3
a: no special abilities


You were on level 5 of the Dungeon.
You were near starving.

You visited 1 branch of the dungeon, and saw 5 of its levels.

You collected 175 gold pieces.

Inventory:

Hand Weapons
 e - a +0 hunting sling
Armour
 a - a +0 robe (worn)
 h - a +2 leather armour of poison resistance
Jewellery
 i - an uncursed ring of fire
 j - an uncursed ring of positive energy {unknown}
 t - an uncursed ring of fire
Scrolls
 d - 3 scrolls of remove curse {unknown}
 g - 4 scrolls of identify {unknown}
 k - 2 scrolls of fear {unknown}
 m - a scroll of blinking {unknown}
 s - 2 scrolls of teleportation {unknown}
 u - a scroll of noise {unknown}
 v - a scroll of fog {unknown}
Potions
 c - a potion of cancellation {unknown}
 f - a potion of curing {unknown}
 l - a potion of flight {unknown}
 n - a potion of degeneration {unknown}
 o - 2 potions of might {unknown}
 p - a potion of heal wounds
 q - a potion of ambrosia {unknown}
 r - a potion of agility {unknown}
Comestibles
 b - 9 rations


   Skills:
 + Level 3.4 Fighting
 + Level 4.5 Dodging
 - Level 1.1 Stealth
 + Level 6.9 Unarmed Combat


You had 6 spell levels left.
You didn't know any spells.
Your spell library contained the following spells:

 Spells                   Type           Power        Failure   Level  Hunger
 Flame Tongue             Conj/Fire      #....        45%         1    ##.....
 Throw Flame              Conj/Fire      #.....       58%         2    ###....
 Conjure Flame            Conj/Fire      #.......     83%         3    ####...
 Inner Flame              Hex/Fire       #.......     83%         3    ####...
 Sticky Flame             Conj/Fire      #.......     99%         4    #####..
 Fireball                 Conj/Fire      #.........   100%        5    ######.


Dungeon Overview and Level Annotations

Branches:
Dungeon (5/15)
 Temple: D:4-7

Altars:
Ashenzari
Makhleb
Vehumet
Xom
Zin


Innate Abilities, Weirdness & Mutations

You are too large for most types of armour.
You have claws for hands.
Your metabolism is lightning-fast.
You like to eat raw meat.
Your natural rate of healing is unusually fast.
You are covered in fur. (AC +1)
You have extremely tough skin. (AC +3)


Message History

The gnoll hits you with a +0 whip of venom!
You are more poisoned.
The gnoll closely misses you. The gnoll barely misses you.
You barely miss the gnoll.
The gnoll is almost dead.
You feel sick. The gnoll barely misses you. The gnoll closely misses you. x2
The gnoll hits you but does no damage.
You barely miss the gnoll.
The gnoll is almost dead.
You feel sick.
The gnoll hits you with a +0 whip of venom!
You are more poisoned.
The gnoll hits you with a +0 halberd.
* * * LOW HITPOINT WARNING * * *
The gnoll barely misses you.
You feel sick.
The gnoll hits you from afar with a +0 halberd!
* * * LOW HITPOINT WARNING * * *
The gnoll hits you from afar with a +0 spear.
You die...

..........#..)...#..
.....#....##....##..
....##...........#
.... ##.###.#.#..##
. .. #.......##..
..%.# ##.....(...#
....### #.........##
......g##........##
.......g@.......##
.#####gg.?.......#
##............
##.....##...#.
#..........#
#..#..<.....
#.##..... #.# ..###


You could see 4 gnolls.

Vanquished Creatures
  Eustachio (D:4)
  2 scorpions (D:4)
  A crimson imp (D:4)
  A hound (D:4)
  2 orc priests
  7 orc wizards
  An iguana (D:4)
  3 gnolls (D:2)
  2 adders
  An adder skeleton (D:4)
  2 worms (D:2)
  3 dart slugs
  6 leopard geckos
  17 orcs
  5 giant cockroaches
  11 goblins
  6 hobgoblins
  17 jackals
  8 kobolds
  2 quokkas
  11 bats
  8 frilled lizards
  8 rats
125 creatures vanquished.

Notes
Turn   | Place    | Note
-------+----------+-------------------------------------------
     0 | D:1      | karvendizarm the Troll Monk began the quest for the Orb.
     0 | D:1      | Reached XP level 1. HP: 22/22 MP: 0/0
   517 | D:1      | Reached XP level 2. HP: 29/29 MP: 1/1
   998 | D:2      | Reached XP level 3. HP: 36/36 MP: 2/2
  1160 | D:2      | Reached skill level 4 in Unarmed Combat
  1160 | D:2      | Reached XP level 4. HP: 21/44 MP: 3/3
  2032 | D:3      | Reached XP level 5. HP: 52/52 MP: 4/4
  2039 | D:3      | Found a shattered altar of Ashenzari.
  2268 | D:3      | Found a glowing silver altar of Zin.
  2269 | D:3      | Noticed an angel
  2277 | D:3      | Found a shimmering altar of Xom.
  2537 | D:3      | Reached skill level 5 in Unarmed Combat
  2923 | D:4      | Noticed Eustachio
  2949 | D:3      | Reached XP level 6. HP: 36/61 MP: 5/5
  3047 | D:4      | Killed Eustachio
  3047 | D:4      | Reached skill level 6 in Unarmed Combat
  3107 | D:4      | Reached XP level 7. HP: 51/67 MP: 6/6
  3378 | D:4      | Found a glowing drain.
  3642 | D:4      | Found a burning altar of Makhleb.
  3643 | D:4      | Found a radiant altar of Vehumet.
  3814 | D:5      | Entered Level 5 of the Dungeon
  3855 | D:5      | HP: 3/67 [gnoll/+0 halberd (16)]
  3855 | D:5      | Slain by a gnoll

Skill      XL: |  1  2  3  4  5  6 |
---------------+-------------------+-----
Dodging        | 3 4 |  4.5
Unarmed Combat | 4 5 6 |  6.9
Fighting       | 3 |  3.4
Stealth        | |  1.1

Action                   |  1- 3 |  4- 6 |  7- 9 || total
-------------------------+-------+-------+-------++-------
Melee: Unarmed           |   102 |   202 |    79 ||   383
       Punch             |       |     3 |     3 ||     6
 Stab: Sleeping          |     3 |     3 |       ||     6
  Eat: Chunk             |    16 |    11 |     4 ||    31
Armor: Robe              |    71 |    93 |    22 ||   186
Dodge: Dodged            |    89 |   125 |    47 ||   261
